 Dungeon Crawl Stone Soup version 0.27-a0-1281-ge233d83751 (webtiles) character file.

Game seed: 15722040247006515604

23 BlueGoblin the Covered (level 2, -9/28 HPs)
             Began as a Deep Dwarf Fighter on June 14, 2021.
             Mangled by a small abomination (12 damage)
             ... created by the touch of Lugonu
             ... on level 1 of the Dungeon.
             The game lasted 00:01:58 (506 turns).

BlueGoblin the Covered (Deep Dwarf Fighter)          Turns: 506, Time: 00:01:59

Health: -9/28      AC:  6    Str: 19    XL:     2   Next: 72%
Magic:  2/2        EV:  7    Int:  8    God:
Gold:   42         SH:  9    Dex: 12    Spells: 1/1 levels left

rFire    . . .     SeeInvis .   a - +0 war axe
rCold    . . .     Faith    .   c - +0 kite shield
rNeg     . . .     Spirit   .   b - +0 scale mail
rPois    .         Reflect  .   (no helmet)
rElec    .         Harm     .   (no cloak)
rCorr    .         Rampage  .   (no gloves)
Will     .....                  (no boots)
Stlth    ..........             (no amulet)
HPRegen  0.00/turn              (no ring)
MPRegen  0.08/turn              (no ring)

@: no status effects
A: damage resistance, heal wounds, sense surroundings 1, no regeneration
a: Heal Wounds


You were on level 1 of the Dungeon.
You visited 1 branch of the dungeon, and saw 1 of its levels.
You visited the Abyss 1 time.

You collected 42 gold pieces.

Inventory:

Hand Weapons
 a - a +0 war axe (weapon)
Armour
 b - a +0 scale mail (worn)
 c - a +0 kite shield (worn)
Jewellery
 e - an amulet of regeneration
Scrolls
 f - a scroll of identify {unknown}
Potions
 d - a potion of might


   Skills:
 + Level 3.0 Fighting
 + Level 2.6 Axes
 + Level 3.6 Armour
 + Level 3.5 Shields


You had one spell level left.
You didn't know any spells.
Your spell library contained the following spells:

 Spells                   Type           Power      Damage    Failure   Level
 Animate Skeleton         Necr           0%         N/A       99%         1
 Apportation              Tloc           0%         N/A       99%         1
 Corona                   Hex            0%         N/A       99%         1
 Summon Small Mammal      Summ           0%         N/A       99%         1


Dungeon Overview and Level Annotations

Branches:
Dungeon (1/15)

Altars:
Lugonu

Shops:
D:1 [


Innate Abilities, Weirdness & Mutations

You are resistant to damage.
You can heal yourself by infusing magical energy.
You passively map a small area around you.
You do not regenerate.


Message History

The endoplasm quivers.
The endoplasm closely misses you.
You hit the endoplasm.
The endoplasm is moderately wounded.
The endoplasm freezes you.
You are frozen.
The endoplasm freezes you.
You are frozen.
You barely miss the endoplasm.
The endoplasm is moderately wounded.
The endoplasm hits you but does no damage.
You barely miss the endoplasm.
The endoplasm is moderately wounded.
The endoplasm freezes you.
You are frozen.
The endoplasm hits you but does no damage.
You slash the endoplasm!
You kill the endoplasm!
You now have 42 gold pieces (gained 5).
Things that are here:
a +0 short sword; 11 arrows Lugonu draws you home!
Lugonu sends minions to punish you.
A small abomination comes into view.
You are cast into the Abyss!
To return, you must find a gate leading back.
Killing monsters will force the Abyss to allow you passage.
This branch contains the abyssal rune of Zot.
Found a sedimented red potion and 20 gold pieces.
Found a gateway leading out of the Abyss.
Found 21 stones.
There is a gateway leading out of the Abyss here.
You pass through the gate.
Welcome back to the Dungeon!
The small abomination barely misses you.
The small abomination hits you!
* * * LOW HITPOINT WARNING * * *
The small abomination hits you!
* * * LOW HITPOINT WARNING * * *
The small abomination hits you!
You die...

##.###.# #.#..#.#.###.....##
#...##.# #......#.##.......##
.......#######...##.#.........###
....................'.).......'..
....##########...##.#.........###
#.#.# #......##.......## ###.#
###.######.....## #.# #x# ##...##
#.# #@# ##+## #.# #.# #.# #.# *
#.# * * , ** #.# ,, , , #.. ,
###, * , * ,


You could see a small abomination.

Vanquished Creatures
  A ball python (D:1)
  5 endoplasms (D:1)
  A giant cockroach (D:1)
  2 goblins (D:1)
  2 hobgoblins (D:1)
  2 kobolds (D:1)
  2 quokkas (D:1)
  A frilled lizard (D:1)
  2 rats (D:1)
18 creatures vanquished.

Notes
Turn   | Place    | Note
-------+----------+-------------------------------------------
     0 | D:1      | BlueGoblin the Deep Dwarf Fighter began the quest for the
                  | Orb.
     0 | D:1      | Reached XP level 1. HP: 20/20 MP: 1/1
    43 | D:1      | Found Lessywny's Armour Emporium.
   167 | D:1      | Reached XP level 2. HP: 24/27 MP: 2/2
   175 | D:1      | Found a faded altar of an unknown god.
   188 | D:1      | Became a worshipper of Lugonu the Unformed
   188 | D:1      | Reached * piety under Lugonu
   188 | D:1      | Reached ** piety under Lugonu
   189 | D:1      | Fell from the grace of Lugonu
   488 | D:1      | Noticed a small abomination
   488 | D:1      | Cast into level 1 of the Abyss (Lugonu's touch)
   493 | D:1      | Escaped the Abyss
   506 | D:1      | Mangled by a small abomination

Illustrated notes

Levels and vault maps discovered:
D:1:      sevenhm_arrival_forest_fort_small_4, layout_loops_corners,
          serial_shops, shop, ebering_ecumenical_altar_box

Skill      XL: |  1  2 |
---------------+-------+-----
Fighting       | 3 |  3.0
Axes           | |  2.6
Armour         | |  3.6
Shields        | |  3.5

Action                   || total
-------------------------++-------
Melee: War axe           ||    53
Invok: Renounce Religion ||     1
Armor: Scale mail        ||    25
Dodge: Dodged            ||    19
Block: Kite shield       ||    21

Table legend: (Time is in decaauts)
 A = Elapsed time spent in this place.
 B = Non-inter-level travel time spent in this place.
 C = Inter-level travel time spent in this place.
 D = Time resting spent in this place.
 E = Time spent auto-exploring this place.
 F = Levels seen in this place.
 G = Mean time per level.
                   A        B        C        D        E       F      G
               +--------+--------+--------+--------+--------+-----+--------+
         Total |    542 |    542 |      0 |      0 |    360 |   2 |  271.0 |
       Dungeon |    537 |    537 |      0 |      0 |    360 |   1 |  537.0 |
         Abyss |      4 |      4 |      0 |      0 |      0 |   1 |    4.0 |
               +--------+--------+--------+--------+--------+-----+--------+

Top non-repeatable levels by time:
     D:1: 537 daAuts
 Abyss:1: 4 daAuts
